Map: Jagannatha LE

Players

Lambo

  • Race: Zerg Zerg
  • League: Grandmaster
  • Spawn Location: 1:00

SKillous - Winner!

  • Race: Protoss Protoss
  • League: Grandmaster
  • Spawn Location: 7:00

Event: StayAtHome Story Cup #3

VOD

Have the link to the VOD?

Description

Time

  • Played on: March 11, 2021, 10:46 a.m.
  • Length: 9:59

All games in this series

Show
View Real Time Build Order
Export as new Build Order

Lambo Zerg 

Build Orders: Hatch First, Swarm Host 

Get SALT Encoding   

  12  0:00  Drone  
  13  0:13  Overlord  
  13  0:17  Drone  
  14  0:32  Drone x2  
  16  0:44  Drone  
  17  0:53  Hatchery  
  17  0:55  Drone  
  17  0:59  Drone  
  18  1:10  Extractor  
  17  1:13  Spawning Pool  
  17  1:17  Drone  
  17  1:21  Drone  
  18  1:29  Drone  
  19  1:41  Drone  
  20  1:54  Overlord  
  20  2:00  Queen  
  22  2:05  Queen  
  22  2:06  Drone, Zergling x2  
  26  2:13  Zergling x2  
  27  2:16  Drone  
  27  2:17  Metabolic Boost  
  28  2:24  Drone  
  28  2:27  Drone  
  30  2:37  Drone  
  30  2:40  Hatchery  
  30  2:42  Drone  
  31  2:49  Drone  
  31  2:50  Overlord  
  32  2:55  Queen  
  34  2:59  Drone  
  34  3:03  Overlord  
  35  3:13  Drone  
  35  3:15  Overlord  
  36  3:20  Queen  
  36  3:21  Drone x4  
  36  3:24  Drone  
  43  3:28  Zergling x2  
  43  3:33  Overlord  
  44  3:34  Queen  
  44  3:36  Zergling x2  
  44  3:40  Overlord  
  47  3:41  Drone  
  47  3:48  Overlord  
  48  3:49  Drone x2  
  50  3:56  Zergling x2  
  50  3:57  Drone x2  
  50  4:01  Spore Crawler  
  52  4:06  Drone x5  
  58  4:10  Drone, Evolution Chamber  
  58  4:15  Queen  
  58  4:16  Spore Crawler  
  60  4:18  Zergling x2  
  60  4:19  Drone x2  
  60  4:23  Drone  
  65  4:24  Drone x2  
  65  4:27  Drone x2  
  65  4:31  Lair  
  68  4:43  Drone x7  
  71  4:50  Drone x3  
  71  4:54  Roach Warren  
  71  4:57  Extractor  
  71  4:58  Drone x2  
  71  4:59  Extractor  
  70  5:02  Drone x3  
  73  5:08  Drone  
  73  5:09  Drone x3, Extractor  
  73  5:12  Extractor  
  73  5:13  Extractor  
  74  5:14  Drone x2  
  74  5:18  Drone  
  76  5:22  Drone x4  
  76  5:23  Overlord  
  80  5:29  Overlord  
  80  5:33  Drone  
  80  5:34  Infestation Pit  
  80  5:38  Hatchery  
  80  5:41  Drone x2  
  80  5:42  Overlord  
  81  5:43  Drone x3  
  81  5:45  Overlord  
  81  5:48  Roach  
  86  5:51  Roach x2  
  86  5:53  Glial Reconstitution  
  90  5:59  Roach x4  
  90  6:04  Spore Crawler x2  
  97  6:05  Drone  
  97  6:06  Drone  
  97  6:07  Roach  
  97  6:10  Overlord  
  100  6:13  Overlord  
  100  6:16  Roach x2  
  103  6:23  Drone x2  
  100  6:29  Overlord  
  100  6:37  Swarm Host x4  
  100  6:38  Swarm Host x3  
  121  6:40  Queen  
  121  6:43  Swarm Host  
  125  6:47  Swarm Host  
  125  6:48  Swarm Host  
  125  6:51  Queen  
  132  6:54  Roach x2  
  132  6:57  Overlord  
  132  7:00  Roach x2  
  140  7:02  Overlord  
  140  7:05  Roach  
  142  7:11  Overlord x4  
  142  7:12  Ravager  
  142  7:14  Ravager  
  144  7:17  Overlord  
  144  7:19  Roach x2  
  144  7:20  Overlord  
  144  7:22  Ravager x2  
  151  7:23  Ravager x2  
  151  7:25  Roach  
  151  7:27  Roach  
  151  7:28  Roach  
  158  7:31  Roach x2  
  162  7:37  Roach x3  
  162  7:41  Roach x3  
  160  7:54  Roach x5  
  170  8:00  Ravager  
  170  8:01  Roach x2  
  175  8:09  Roach x5  
  185  8:13  Roach x2  
  185  8:17  Roach x3  
  182  8:20  Roach  
  182  8:22  Roach  
  182  8:26  Roach x3  
  187  8:36  Roach x3  
  187  8:37  Roach x3  
  199  8:47  Overlord  
  199  8:50  Overlord  
  199  8:56  Overlord  
  199  9:00  Ravager  
  200  9:09  Roach x5  
  200  9:25  Roach  
  188  9:32  Roach  
  188  9:35  Roach x5  
  188  9:36  Roach x8  
  188  9:37  Roach  
Show
View Real Time Build Order
Export as new Build Order

SKillous Protoss - Winner!

Build Orders: 1 Gate Expand, Oracle Opening, Archon Immortal 

Get SALT Encoding   

  12  0:00  Probe  
  13  0:12  Probe  
  14  0:20  Pylon  
  14  0:24  Probe  
  15  0:38  Probe (Chrono Boost)  
  15  0:42  Gateway  
  16  0:47  Probe (Chrono Boost)  
  17  0:50  Assimilator  
  17  0:53  Probe  
  18  1:05  Probe  
  19  1:17  Probe  
  20  1:28  Nexus  
  20  1:38  Cybernetics Core  
  20  1:41  Probe  
  21  1:50  Assimilator  
  21  1:53  Probe  
  22  1:58  Pylon  
  22  2:05  Probe  
  23  2:13  Stalker (Chrono Boost)  
  23  2:18  Probe  
  26  2:27  Stargate  
  26  2:30  Probe (Chrono Boost)  
  26  2:36  Adept  
  29  2:41  Probe (Chrono Boost)  
  29  2:42  Probe (Chrono Boost)  
  31  2:45  Warp Gate  
  31  2:49  Probe (Chrono Boost)  
  31  2:50  Probe (Chrono Boost)  
  33  2:55  Probe (Chrono Boost)  
  33  2:56  Probe  
  35  3:06  Adept  
  35  3:07  Probe, Pylon  
  35  3:09  Oracle (Chrono Boost)  
  41  3:14  Probe  
  41  3:19  Probe  
  43  3:23  Gateway  
  43  3:26  Probe  
  44  3:31  Probe  
  45  3:38  Probe, Oracle (Chrono Boost)  
  49  3:43  Probe  
  50  3:50  Probe  
  50  3:52  Pylon  
  50  3:55  Probe  
  52  4:02  Probe  
  53  4:06  Nexus  
  53  4:07  Probe  
  53  4:08  Pylon  
  54  4:14  Probe  
  54  4:15  Assimilator  
  55  4:18  Assimilator, Robotics Facility  
  55  4:20  Probe  
  56  4:26  Probe  
  56  4:29  Shield Battery  
  57  4:32  Probe  
  57  4:33  Pylon  
  57  4:34  Adept x2  
  62  4:39  Probe  
  61  4:49  Probe  
  60  4:53  Probe, Forge  
  60  4:54  Twilight Council  
  60  4:58  Sentry x2  
  65  5:00  Gateway  
  65  5:01  Probe  
  65  5:05  Gateway  
  65  5:06  Observer (Chrono Boost)  
  67  5:09  Gateway  
  67  5:12  Probe (Chrono Boost)  
  68  5:19  Probe x2 (Chrono Boost), Gateway  
  70  5:21  Protoss Ground Weapons Level 1  
  72  5:28  Probe (Chrono Boost)  
  72  5:30  Immortal (Chrono Boost)  
  72  5:31  Probe x2 (Chrono Boost)  
  72  5:35  Charge (Chrono Boost)  
  77  5:41  Probe x2  
  77  5:42  Probe  
  80  5:48  Zealot  
  80  5:49  Zealot  
  84  5:53  Probe  
  84  5:54  Probe  
  84  5:56  Templar Archives, Pylon  
  86  6:01  Probe  
  87  6:04  Assimilator  
  87  6:05  Assimilator  
  87  6:06  Photon Cannon  
  87  6:07  Pylon  
  87  6:12  Warp Prism  
  87  6:17  Pylon  
  86  6:27  Pylon  
  86  6:29  Probe x2  
  86  6:30  Probe  
  86  6:31  Observer  
  89  6:34  Gateway  
  89  6:36  Gateway  
  89  6:37  Gateway  
  89  6:38  Gateway  
  89  6:40  Pylon  
  89  6:41  Probe  
  89  6:44  Pylon  
  90  6:47  Immortal (Chrono Boost)  
  94  6:54  High Templar  
  94  6:55  High Templar x3  
  94  6:56  Zealot x2  
  94  6:59  Shield Battery  
  94  7:00  Archon  
  94  7:01  Archon  
  106  7:11  Photon Cannon, Pylon  
  106  7:15  Warp Prism (Chrono Boost)  
  106  7:19  Shield Battery  
  106  7:21  Shield Battery x2  
  108  7:23  Shield Battery  
  108  7:28  Zealot x4  
  116  7:31  High Templar x2  
  116  7:32  High Templar x2  
  116  7:35  Archon  
  116  7:37  Archon  
  124  7:44  Zealot x2  
  124  7:53  Probe  
  123  8:03  High Templar x4  
  123  8:04  Zealot x5  
  141  8:07  Pylon  
  141  8:08  Archon, Pylon  
  141  8:09  Archon  
  141  8:10  Pylon  
  129  8:34  Zealot x6  
  129  8:35  Zealot x4  
  129  8:41  Immortal (Chrono Boost)  
  150  8:44  Pylon  
  150  8:45  Pylon  
  150  8:47  Pylon  
  148  8:53  Pylon x2  
  148  8:54  Pylon  
  147  9:17  Immortal (Chrono Boost)  
  147  9:21  Zealot x10  
  150  9:42  Zealot x3  
  150  9:43  Zealot x5  
  147  9:46  Zealot  
  147  9:49  Zealot  
Tags
 
Add a new tag
Caveats
  • Supply blocks, unpowered buildings, or Contaminate may cause inaccurate times.
  • Supply counts are checked every 10 seconds.